 Dungeon Crawl Stone Soup version 0.16.0-6-gad6103a (webtiles) character file.

4132 CrazyArbalest the Quickloader (level 10, -5/79 HPs)
             Began as a Centaur Hunter on Mar 15, 2015.
             Was an Initiate of Gozag.
             Slain by a manticore (6 damage)
             ... on level 9 of the Dungeon.
             The game lasted 01:35:28 (10987 turns).

CrazyArbalest the Quickloader (Centaur Hunter)     Turns: 10987, Time: 01:35:30

Health: -5/79      AC:  5    Str: 15    XL:     10   Next: 6%
Magic:  0/10       EV: 11    Int: 10    God:    Gozag
Gold:   847        SH:  0    Dex: 13    Spells: 0 memorised, 9 levels left

rFire  . . .     SeeInvis .     b - +2 hand crossbow
rCold  + . .     Clarity  .     R - +0 robe {rC+}
rNeg   . . .     SustAb   .     (no shield)
rPois  .         Gourm    .     (no helmet)
rElec  .         Spirit   +     G - +0 cloak
rCorr  .         Warding  .     (no gloves)
rMut   .         Stasis   .     (no barding)
MR     .....                    J - amulet of guardian spirit
Stlth  +.........               (no ring)
                                d - ring of wizardry

@: manticore barbs, very quick, not resistant to hostile enchantments, very
unstealthy
A: hooves 3, deformed body, speed 2, tough skin 3
a: Potion Petition, Call Merchant, Bribe Branch, Renounce Religion


You were on level 9 of the Dungeon.
You worshipped Gozag.
Gozag was noncommittal.
You were not hungry.

You visited 2 branches of the dungeon, and saw 10 of its levels.

You collected 1040 gold pieces.
You paid 193 gold pieces to Gozag.

Inventory:

Hand weapons
 a - a +1 dagger of venom
 b - a +2 hand crossbow (weapon)
 x - a +1 dagger of chaos
 O - a +0 short sword of freezing
Missiles
 c - 5 bolts (quivered)
 q - 6 javelins
 T - 5 javelins of returning
Armour
 h - the +2 robe of Midsummer {Int+3, unknown}
   (You found it on level 7 of the Dungeon)

   It affects your intelligence (+3).
 B - a +0 leather armour of fire resistance
 G - a +0 cloak (worn)
 H - the +2 chain mail "Sotulos" {-Cast Str+3 Int+6}
   (You found it on level 4 of the Dungeon)

   It affects your strength (+3).
   It affects your intelligence (+6).
   It prevents spellcasting.
 R - a +0 robe of cold resistance (worn)
Magical staves
 L - a cursed staff of power {unknown}
Jewellery
 d - a ring of wizardry (left hand)
 k - a cursed amulet of stasis {unknown}
 J - an amulet of guardian spirit (around neck)
Magical devices
 w - a wand of magic darts (3)
 y - a wand of slowing (13)
 E - a wand of enslavement (11)
 K - a wand of fire (4)
 N - a wand of confusion (36)
 Q - a wand of paralysis (3)
 U - a wand of digging (16)
 W - a wand of digging (12)
 X - a wand of paralysis (12)
Scrolls
 e - 8 scrolls of identify
 m - 2 scrolls of amnesia {unknown}
 n - a scroll of fear {unknown}
 o - 5 scrolls of teleportation
 p - 4 scrolls of enchant armour {unknown}
 r - a scroll of recharging {unknown}
 t - a scroll of immolation {unknown}
 v - a scroll of vulnerability {unknown}
 C - a scroll of summoning {unknown}
 M - 3 scrolls of enchant weapon
 P - a scroll of blinking {unknown}
 V - a scroll of silence {unknown}
Potions
 j - a potion of ambrosia {unknown}
 s - a potion of agility {unknown}
 u - 2 potions of restore abilities
 z - a potion of poison
 A - a potion of cure mutation {unknown}
 D - a potion of berserk rage {unknown}
 I - a potion of cancellation {unknown}
 S - a potion of resistance {unknown}
 Z - a potion of magic {unknown}
Books
 l - a book of Party Tricks

   Spells                             Type                      Level
   a - Summon Butterflies             Summoning                    1
   b - Apportation                    Translocation                1
   c - Tukima's Dance                 Hexes                        3
   d - Alistair's Intoxication        Transmutation/Poison         4
   e - Invisibility                   Hexes                        6
Comestibles
 f - 6 bread rations
 g - 3 meat rations
 Y - a royal jelly


   Skills:
 + Level 4.2 Fighting
 + Level 2.6 Short Blades
 * Level 12.6 Crossbows
 + Level 0.6 Throwing
 + Level 3.4 Armour
 + Level 4.2 Dodging
 + Level 1.5 Stealth
 + Level 2.1 Evocations


You had 9 spell levels left.
You didn't know any spells.

Dungeon Overview and Level Annotations

Branches:
Dungeon (9/15)             Temple (1/1) D:7            Lair (0/8) D:8
    Orc: D:9-12

Altars:
Ashenzari
Cheibriados
Dithmenos
Elyvilon
Fedhas
Gozag
Kikubaaqudgha
Makhleb
Nemelex Xobeh
Okawaru
Qazlal
Ru
Sif Muna
Trog
Vehumet
Xom
Yredelemnul
Zin
The Shining One

Annotations:
D:4 Edmund


Innate Abilities, Weirdness & Mutations

You have hooves in place of feet.
Armour fits poorly on your strangely shaped body.
You cover ground very quickly.
You have extremely tough skin (AC +3).


Message History

Drink which item? (? for menu, Esc to quit)
Okay, then.
Unknown command.
Unknown command.
Unknown command.
Unknown command.
Drink which item? (? for menu, Esc to quit)
Okay, then.
Unknown command.
Evoke which item? (* to show all) (? for menu, Esc to quit)
Zapping:
N - a wand of confusion {zapped: 2} (will waste charges)
Press: ? - help, Shift-Dir - straight line, f/p - manticore
Aim: a manticore (heavily wounded, chance 32%)
The manticore easily resists.
Evoking this partially-identified wand wasted a few charges.
The manticore bites you!
* * * LOW HITPOINT WARNING * * *
The manticore barely misses you. The manticore claws you.
You die...
Your body crumbles into a pile of gold.

#.#
############.#
#.# #.# #.#
#.# #.# #.#
#.# #.# #.#
######.# <.#
#....(.#
#.###### #@#
#H# #(# $ #(#
#?# #.# #(#
.(# ###


You could see a manticore.

Vanquished Creatures
  A yak (D:8)
  A wyvern (D:8)
  2 deep elf fighters (D:8)
  A water moccasin (D:8)
  4 orc warriors
  A sky beast (D:7)
  3 ice beasts
  3 centaurs
  4 ogres
  A big kobold (D:7)
  5 giant frogs
  2 crocodiles (D:8)
  Blork the orc (D:7)
  A water moccasin zombie (D:8)
  A quasit (D:9)
  4 wights (D:7)
  A goliath beetle (D:4)
  8 crimson imps
  2 jellies
  2 giant frog zombies
  2 centaur skeletons
  A hound (D:6)
  Crazy Yiuf (D:4)
  A giant frog skeleton (D:5)
  5 orc priests
  5 worker ants
  2 iguanas
  7 orc wizards
  A killer bee zombie (D:6)
  A mummy (D:8)
  6 adders
  A river rat (D:8)
  2 shadow imps
  2 giant mites
  2 worms (D:2)
  An adder skeleton (D:7)
  An adder zombie (D:5)
  An ooze (D:4)
  23 orcs
  3 ball pythons (D:1)
  32 bats
  2 bat skeletons
  A bat zombie (D:7)
  A giant cockroach (D:3)
  14 goblins
  13 hobgoblins
  17 jackals
  14 kobolds
  6 giant newts
  A jackal skeleton (D:5)
  20 rats
  A ballistomycete (D:8)
  A fungus (D:4)
239 creatures vanquished.

Vanquished Creatures (others)
  A worker ant (D:8)
  A giant spore (D:8)
  A fungus (D:8)
3 creatures vanquished.

Grand Total: 242 creatures vanquished

Notes
Turn   | Place    | Note
--------------------------------------------------------------
     0 | D:1      | CrazyArbalest, the Centaur Hunter, began the quest for the Orb.
     0 | D:1      | Reached XP level 1. HP: 17/17 MP: 1/1
   116 | D:1      | Reached XP level 2. HP: 21/24 MP: 2/2
   249 | D:1      | Reached skill level 5 in Crossbows
   701 | D:1      | Reached XP level 3. HP: 26/29 MP: 3/3
  1388 | D:2      | Reached XP level 4. HP: 36/36 MP: 3/3
  1443 | D:2      | Found a bloodstained altar of Trog.
  1660 | D:3      | Found a basalt altar of Yredelemnul.
  1743 | D:3      | Noticed an orc warrior
  2344 | D:3      | Found a radiant altar of Vehumet.
  2477 | D:4      | Reached XP level 5. HP: 41/41 MP: 4/4
  2555 | D:4      | Noticed Edmund
  2768 | D:4      | Reached skill level 6 in Crossbows
  3309 | D:4      | Noticed Crazy Yiuf
  3312 | D:4      | Killed Crazy Yiuf
  3312 | D:4      | Reached skill level 1 in Short Blades
  3567 | D:4      | Found a sacrificial altar of Ru.
  3568 | D:4      | Noticed an ogre
  3592 | D:4      | Killed an ogre
  3592 | D:4      | Reached skill level 1 in Armour
  3592 | D:4      | Reached XP level 6. HP: 50/50 MP: 5/5
  3624 | D:4      | Found a white marble altar of Elyvilon.
  3638 | D:4      | Got a brightly glowing chain mail
  3812 | D:4      | Reached skill level 1 in Stealth
  3857 | D:4      | Identified the +2 chain mail "Sotulos" {-Cast Str+3 Int+6} (You found it on level 4 of the Dungeon)
  4121 | D:5      | Entered Level 5 of the Dungeon
  4189 | D:5      | Found a shattered altar of Ashenzari.
  4389 | D:5      | Reached XP level 7. HP: 49/56 MP: 5/5
  4393 | D:5      | Reached skill level 7 in Crossbows
  4963 | D:5      | Found an ancient bone altar of Kikubaaqudgha.
  4966 | D:5      | Found a glowing golden altar of the Shining One.
  4971 | D:5      | Found a deep blue altar of Sif Muna.
  5444 | D:6      | Found a blossoming altar of Fedhas.
  5679 | D:6      | Reached skill level 8 in Crossbows
  6032 | D:6      | Reached XP level 8. HP: 63/63 MP: 6/6
  6523 | D:6      | Reached skill level 9 in Crossbows
  7104 | D:7      | Found a staircase to the Ecumenical Temple.
  7273 | Temple   | Entered the Ecumenical Temple
  7468 | Temple   | Became a worshipper of Gozag Ym Sagoz the Greedy
  7604 | D:7      | Noticed Blork the orc
  7632 | D:7      | Killed Blork the orc
  7632 | D:7      | Reached skill level 10 in Crossbows
  7883 | D:7      | Reached XP level 9. HP: 43/70 MP: 7/7
  8134 | D:7      | Reached skill level 11 in Crossbows
  8313 | D:7      | Found a glowing silver altar of Zin.
  8503 | D:7      | Got a fabulously ornate robe
  8989 | D:8      | Reached skill level 1 in Evocations
  9266 | D:8      | Reached skill level 12 in Crossbows
  9669 | D:8      | Found a shimmering altar of Xom.
  9669 | D:8      | Found a burning altar of Makhleb.
 10296 | D:8      | Found a staircase to the Lair.
 10448 | D:8      | Reached XP level 10. HP: 59/78 MP: 10/10
 10966 | D:9      | Noticed a manticore
 10987 | D:9      | HP: 1/79 [manticore (10)]
 10987 | D:9      | Slain by a manticore

Action                   |  1- 3 |  4- 6 |  7- 9 | 10-12 || total
-------------------------+-------+-------+-------+-------++-------
Melee: Short sword       |   102 |    25 |       |       ||   127
       Dagger            |       |    95 |   262 |    43 ||   400
 Fire: Hand crossbow     |     4 |    76 |   267 |    20 ||   367
Throw: Stone             |       |     1 |     2 |       ||     3
       Tomahawk          |       |       |     1 |       ||     1
Evoke: Wand              |       |       |    36 |     9 ||    45
  Use: Scroll            |       |     2 |     7 |       ||     9
       Potion            |       |       |     2 |     5 ||     7
  Eat: Chunk             |     1 |     7 |     7 |       ||    15
       Beef jerky        |       |       |     8 |       ||     8
